Map: Oceanborn LE

Players

Spazymazy - Winner!

  • Race: Zerg Zerg
  • League: Master
  • Spawn Location: 5:00

RedpackCuKu (CuKu)

  • Race: Terran Terran
  • Spawn Location: 11:00

Event: HomeStory Cup XXV

VOD

Have the link to the VOD?

Description

Time

  • Played on: June 22, 2024, 9:21 a.m.
  • Length: 8:21

All games in this series

Show
View Real Time Build Order
Export as new Build Order

Spazymazy Zerg - Winner!

Build Orders: Pool First 

Get SALT Encoding   

  12  0:01  Drone  
  13  0:12  Overlord  
  13  0:16  Drone  
  14  0:30  Drone  
  14  0:31  Drone  
  16  0:40  Spawning Pool  
  15  0:44  Drone  
  15  0:47  Drone  
  17  1:08  Hatchery  
  17  1:11  Drone  
  17  1:15  Extractor  
  16  1:27  Zergling x4  
  16  1:29  Zergling x2  
  19  1:32  Queen  
  19  1:38  Overlord  
  21  1:55  Drone  
  22  2:08  Queen  
  22  2:11  Drone  
  22  2:15  Metabolic Boost  
  25  2:27  Drone  
  25  2:28  Drone  
  27  2:31  Drone  
  27  2:33  Drone  
  27  2:35  Drone  
  30  2:48  Drone x2  
  30  2:54  Queen  
  31  2:59  Hatchery  
  31  3:00  Overlord  
  31  3:04  Zergling x2  
  31  3:05  Zergling x2  
  32  3:09  Overlord  
  32  3:16  Drone  
  32  3:17  Drone  
  34  3:23  Zergling x8  
  34  3:26  Drone x2  
  40  3:28  Drone  
  41  3:36  Drone x2  
  41  3:41  Overlord  
  43  3:45  Drone  
  44  3:56  Overlord  
  44  3:57  Zergling x6  
  44  3:58  Zergling x2  
  44  4:02  Drone  
  49  4:03  Queen  
  49  4:05  Drone x2  
  49  4:06  Drone x2  
  55  4:12  Drone  
  55  4:15  Drone  
  57  4:18  Drone  
  57  4:19  Queen  
  57  4:23  Drone  
  61  4:26  Drone x3  
  61  4:28  Drone  
  61  4:30  Extractor  
  64  4:31  Spore Crawler  
  64  4:33  Spore Crawler, Extractor  
  64  4:34  Drone  
  64  4:35  Drone  
  63  4:42  Zergling x8  
  67  4:49  Drone x2  
  67  4:51  Overlord  
  68  4:54  Lair  
  68  4:55  Drone x2  
  70  5:01  Baneling Nest  
  70  5:04  Overlord  
  70  5:05  Overlord  
  68  5:07  Overlord  
  68  5:12  Overlord  
  68  5:14  Spore Crawler  
  68  5:16  Zergling x4  
  68  5:17  Zergling x2  
  68  5:19  Zergling x4  
  72  5:24  Zergling x2  
  72  5:25  Zergling x4  
  72  5:27  Zergling x6  
  78  5:33  Zergling x8  
  78  5:34  Zergling x2  
  79  5:38  Zergling x4  
  77  5:44  Baneling x11  
  77  5:47  Zergling x2  
  74  5:55  Zergling x2  
  74  5:56  Zergling x4  
  67  6:04  Zergling x6, Baneling Nest  
  65  6:11  Queen x2  
  66  6:13  Queen  
  70  6:21  Drone  
  70  6:23  Spire  
  70  6:27  Drone  
  70  6:28  Drone x4  
  75  6:33  Extractor  
  75  6:34  Extractor  
  75  6:36  Drone  
  75  6:37  Drone x2  
  75  6:39  Drone  
  77  6:40  Drone x2  
  76  6:48  Zergling x14  
  83  6:56  Baneling x2  
  83  6:57  Baneling x2, Zergling x4  
  83  6:58  Zergling x2  
  86  7:02  Drone  
  86  7:07  Zergling x6  
  86  7:08  Zergling x2  
  91  7:16  Overlord x2  
  91  7:21  Drone x3  
  91  7:22  Drone x3  
  97  7:25  Extractor  
  97  7:28  Overlord x3  
  96  7:39  Mutalisk x5  
  106  7:48  Baneling x7  
  106  7:51  Zergling x6  
  106  7:52  Baneling  
  106  7:53  Baneling  
  106  7:57  Zergling x10  
  110  8:04  Zergling x8  
Show
View Real Time Build Order
Export as new Build Order

RedpackCuKu Terran 

Build Orders: Reaper Expand 

Get SALT Encoding   

  12  0:01  SCV  
  13  0:13  SCV  
  14  0:17  Supply Depot  
  14  0:25  SCV  
  15  0:39  SCV  
  15  0:41  Barracks  
  16  0:44  Refinery  
  16  0:51  SCV  
  17  1:03  SCV  
  18  1:17  SCV  
  19  1:29  Orbital Command, Reaper  
  20  1:39  Command Center  
  20  1:47  Supply Depot  
  20  1:54  SCV  
  20  2:00  Marine  
  22  2:07  SCV  
  23  2:11  Factory  
  23  2:23  Barracks Reactor  
  23  2:42  SCV  
  23  2:43  Barracks Reactor  
  24  2:56  Command Center  
  24  3:00  Hellion  
  26  3:08  Bunker  
  26  3:13  SCV  
  26  3:17  Orbital Command  
  27  3:26  SCV  
  30  3:33  Hellion  
  30  3:34  Hellion  
  32  3:36  Starport  
  32  3:38  SCV  
  32  3:40  Marine  
  33  3:44  SCV  
  34  3:52  SCV  
  34  3:55  Refinery  
  35  3:56  SCV  
  35  3:58  Hellion  
  35  4:01  Hellion  
  40  4:04  SCV  
  40  4:08  SCV  
  42  4:12  Orbital Command  
  42  4:16  SCV  
  43  4:20  SCV, Marine  
  45  4:25  Medivac  
  45  4:26  Armory  
  49  4:31  Hellion  
  49  4:33  Hellion  
  49  4:35  SCV  
  52  4:39  SCV  
  52  4:41  Supply Depot, SCV  
  52  4:42  Marine  
  55  4:49  Supply Depot  
  55  4:51  SCV  
  55  4:52  SCV  
  57  4:54  Hellion x2  
  61  5:04  Barracks Tech Lab  
  61  5:06  SCV  
  62  5:08  Supply Depot, SCV x2  
  62  5:12  Liberator  
  67  5:17  Hellion  
  67  5:18  SCV  
  67  5:20  SCV  
  67  5:21  SCV  
  69  5:33  Hellion  
  63  5:37  Concussive Shells  
  63  5:38  Marauder, Hellion  
  63  5:41  SCV  
  66  5:49  SCV  
  67  5:53  Hellion x2  
  67  5:54  Hellion  
  64  6:00  Hellion  
  51  6:05  Marauder  
  51  6:07  SCV  
  51  6:09  SCV  
  55  6:13  Medivac  
  55  6:14  SCV  
  58  6:20  Hellion  
  58  6:21  SCV  
  58  6:24  Hellion  
  63  6:26  SCV  
  63  6:28  SCV  
  63  6:31  Marauder  
  67  6:33  SCV  
  67  6:37  Stimpack  
  67  6:38  SCV  
  69  6:42  Hellion  
  69  6:46  Hellion  
  71  6:50  Medivac  
  71  6:52  SCV, Marauder  
  76  6:57  Supply Depot  
  76  7:00  Supply Depot  
  76  7:02  Barracks  
  76  7:04  Barracks  
  76  7:07  Hellion  
  76  7:08  Hellion  
  80  7:13  Marauder  
  82  7:20  SCV  
  83  7:24  Medivac  
  83  7:27  Refinery  
  83  7:28  Engineering Bay  
  83  7:29  Engineering Bay, Hellion x2  
  89  7:48  SCV, Marauder  
  89  7:50  Hellion x2  
  93  7:55  Marine x2  
  82  8:16  Missile Turret  
  82  8:17  Missile Turret  
Tags
 
Add a new tag
Caveats
  • Supply blocks, unpowered buildings, or Contaminate may cause inaccurate times.
  • Supply counts are checked every 10 seconds.